 Dungeon Crawl Stone Soup version 0.28.0-1-gb440e238dd (webtiles) character file.

Game seed: 10281818114473340347

21286 issech the Basher (level 12, -4/107 HPs)
             Began as a Troll Monk on Feb 26, 2022.
             Was an Elder of Hepliaklqana.
             Slain by a white ugly thing (32 damage)
             ... on level 13 of the Dungeon.
             The game lasted 00:58:11 (12653 turns).

issech the Basher (Troll Monk)                     Turns: 12653, Time: 00:58:12

Health: -4/107     AC: 13    Str: 22    XL:     12   Next: 52%
Magic:  0/11       EV: 16    Int:  6    God:    Hepliaklqana [****..]
Gold:   888        SH:  4    Dex: 16    Spells: 11/11 levels left

rFire   . . .      SeeInvis .   N - +11 plutonium sword {Contam Stlth-}
rCold   . . .      Faith    .   (shield currently unavailable)
rNeg    . . .      Spirit   +   z - quicksilver dragon scales
rPois   +          Reflect  .   (helmet restricted)
rElec   .          Harm     .   (no cloak)
rCorr   .          Rampage  .   (gloves unavailable)
Will    +....                   (boots unavailable)
Stlth   +.........              w - amulet of guardian spirit
HPRegen 1.07/turn               a - +4 ring of evasion
MPRegen 0.12/turn               X - ring of flight

@: flying, slowed, very slow
A: reduced essence, large, unfitting armour, claws 3, regeneration 1, shaggy fur
1, tough skin 1, large bone plates 1, poison resistance, MP-powered wands
a: Renounce Religion, Recall Ancestor, Ancestor Identity, Transference, Idealise


You were on level 13 of the Dungeon.
You worshipped Hepliaklqana.
Hepliaklqana was greatly pleased with you.
You visited 2 branches of the dungeon, and saw 14 of its levels.

You collected 938 gold pieces.
You spent 50 gold pieces at shops.

Inventory:

Hand Weapons
 n - a +0 hunting sling
 F - a +0 giant spiked club
 I - a +2 flail of draining
 M - a +4 mace
 N - the +11 plutonium sword (weapon) {Contam Stlth-}
   (You found it on level 9 of the Dungeon)

   It occasionally inflicts wild transmutation effects on those it strikes,
   inflicting malmutation or extra damage, or polymorphing them into a new form.
   Contam:    It causes magical contamination when unequipped.
   Stlth:     It makes you less stealthy.
 P - a +3 flail
 Q - a +0 arbalest
 V - a +3 dagger of chaos
 Y - a +0 hand crossbow
Missiles
 b - 4 large rocks (quivered)
 e - 316 stones
 f - 3 throwing nets
 j - 43 sling bullets
 k - 153 bolts
 m - 257 arrows
 E - 3 boomerangs
 T - 17 poisoned darts
 U - 4 curare-tipped darts
Armour
 p - an orb of mayhem
 z - quicksilver dragon scales (worn)
 L - a +1 kite shield of protection
 W - a +2 robe of resistance
Magical Staves
 Z - a staff of cold
Jewellery
 a - a +4 ring of evasion (left claw)
 w - an amulet of guardian spirit (around neck)
 X - a ring of flight (right claw)
Wands
 i - a wand of paralysis (15)
 q - a wand of flame (27)
 O - a wand of iceblast (10)
Scrolls
 d - 3 scrolls of vulnerability
 o - 4 scrolls of teleportation
 t - 3 scrolls of enchant weapon
 u - 3 scrolls of noise
 y - 4 scrolls of amnesia
 H - 4 scrolls of magic mapping
 J - 2 scrolls of holy word
 K - a scroll of fear
 R - a scroll of blinking
 S - 2 scrolls of fog
Potions
 c - 6 potions of curing
 g - 4 potions of ambrosia {unknown}
 h - 4 potions of magic {unknown}
 l - a potion of invisibility {unknown}
 r - 2 potions of brilliance {unknown}
 s - 3 potions of cancellation {unknown}
 v - 3 potions of heal wounds
 x - a potion of lignification {unknown}
 A - 3 potions of might {unknown}
 B - 2 potions of mutation
 C - a potion of berserk rage {unknown}
 G - 7 potions of haste {unknown}


   Skills:
 + Level 7.9 Fighting
 + Level 8.1 Long Blades
 + Level 10.7 Maces & Flails
 + Level 1.0 Throwing
 + Level 5.7 Armour
 + Level 6.8 Dodging
 + Level 2.6 Stealth
 + Level 4.1 Shields


You had 11 spell levels left.
You didn't know any spells.
Your spell library contained the following spells:

 Spells                   Type           Power      Damage    Failure   Level
 Animate Skeleton         Necr           0%         N/A       58%         1
 Apportation              Tloc           0%         N/A       58%         1
 Sandblast                Erth           0%         2d4       58%         1
 Summon Small Mammal      Summ           0%         N/A       58%         1
 Blink                    Tloc           0%         N/A       75%         2
 Ensorcelled Hibernation  Hex/Ice        0%         N/A       75%         2
 Scorch                   Fire           0%         2d5       75%         2
 Lesser Beckoning         Tloc           0%         N/A       92%         3
 Spider Form              Tmut/Pois      0%         N/A       92%         3
 Summon Guardian Golem    Hex/Summ       0%         N/A       92%         3
 Anguish                  Hex/Necr       0%         N/A       100%        4
 Animate Armour           Summ/Erth      0%         N/A       100%        4
 Flame Wave               Conj/Fire      0%         2d4       100%        4
 Leda's Liquefaction      Hex/Erth       0%         N/A       100%        4
 Petrify                  Tmut/Erth      0%         N/A       100%        4
 Blade Hands              Tmut           0%         N/A       100%        5
 Lee's Rapid Deconstruct  Erth           0%         3d5*      100%        5
 Manifold Assault         Tloc           0%         N/A       100%        5
 Iron Shot                Conj/Erth      0%         9d1       100%        6
 Statue Form              Tmut/Erth      0%         N/A       100%        6
 Summon Cactus Giant      Summ           0%         N/A       100%        6
 Orb of Destruction       Conj           0%         9d5       100%        7
 Spellforged Servitor     Conj/Summ      0%         N/A       100%        7
 Lehudib's Crystal Spear  Conj/Erth      0%         10d2      100%        8


Dungeon Overview and Level Annotations

Branches:
Dungeon (13/15)            Temple (1/1) D:7            Lair (0/6) D:9
    Orc (0/2) D:10
 Vaults: D:13-14

Altars:
Ashenzari
Cheibriados
Dithmenos
Elyvilon
Fedhas
Gozag
Hepliaklqana
Kikubaaqudgha
Makhleb
Nemelex Xobeh
Okawaru
Qazlal
Ru
Sif Muna
Trog
Uskayaw
Vehumet
Wu Jian
Xom
Yredelemnul
Zin
The Shining One
Beogh

Shops:
D:8 *   D:11 :

Annotations:
D:13 1 runed translucent door, Frances


Innate Abilities, Weirdness & Mutations

Your life essence is reduced to manifest your ancestor. (-10% HP)
You are too large for most types of armour.
You have claws for hands.
Your natural rate of healing is unusually fast.
You are covered in fur. (AC +1)
You have tough skin. (AC +1)
You are partially covered in large bone plates. (SH +4)
Your system is resistant to poisons. (rPois)
You expend magic power (3 MP) to strengthen your wands.


Message History

You feel as though you will be slow longer.
The wraith closely misses you. The wraith misses you.
Nakurtum casts a spell at the wraith.
The stone arrow hits the wraith!
Your life force feels restored.
Your Long Blades skill increases to level 8!
You slice the wraith!!
You destroy the wraith!
You feel sick.
You are no longer poisoned.
The wraith hits you. The wraith drains your vigour!
You feel as though you will be slow longer.
The wraith hits you but does no damage.
You barely miss the wraith. The wraith hits you but does no damage.
Nakurtum casts a spell at the wraith.
The stone arrow hits the wraith!
The wraith hits you but does no damage.
You cut the wraith into ribbons!!!
You destroy the wraith!
You swap places.
A white ugly thing comes into view.
The white ugly thing stings Nakurtum.
The white ugly thing freezes Nakurtum!
Nakurtum resists.
Nakurtum points at the white ugly thing and mumbles some strange words.
The puff of frost hits the white ugly thing.
The white ugly thing resists.
Nakurtum hits the white ugly thing with a +0 quarterstaff.
The white ugly thing stings Nakurtum.
The white ugly thing freezes Nakurtum!
Nakurtum resists.
Nakurtum hits the white ugly thing with a +0 quarterstaff!!
The white ugly thing stings Nakurtum.
The white ugly thing freezes Nakurtum!
Nakurtum resists.
Nakurtum is destroyed!
The white ugly thing stings you. The white ugly thing freezes you!!
The white ugly thing barely misses you.
You hit the white ugly thing.
The white ugly thing is moderately wounded.
The white ugly thing stings you!
* * * LOW HITPOINT WARNING * * *
The white ugly thing freezes you!!
You die...

########...# #.#
###### ##### #.#
.....# #.#
####.############.#
..##..............#
......########.#..#
#.##### #.#..# #.#
##.#..# #.# #...@.#
#.# ##.#u.# #.#
#.#..####### #.#
#.#...>....# #.#
#.#.######.# #.#
#.#.# ..# #..).#
#.# ###:.# #.# #..#


You could see a white ugly thing.

Vanquished Creatures
  Josephine (D:13)
  A centaur warrior (D:13)
  2 two-headed ogres
  A tengu warrior (D:12)
  The ghost of pkoi the Grappler, a novice DrMo of Dithmenos (D:9)
  A deep elf pyromancer (D:12)
  An ugly thing (D:10)
  A manticore (D:12)
  A slime creature (D:12)
  A komodo dragon (D:11)
  2 freezing wraiths (D:12)
  3 trolls
  A hornet (D:9)
  Grinder (D:5)
  9 yaks
  A ynoxinul (D:9)
  A wyvern (D:7)
  A vampire (D:12)
  3 wraiths (D:13)
  A basilisk (D:13)
  Eustachio (D:4)
  A steam dragon (D:8)
  2 vampire mosquitoes (D:11)
  2 acid dragons (D:11)
  2 water moccasins
  Pargi (D:3)
  8 orc warriors
  A black bear (D:9)
  3 sky beasts
  An ice beast (D:8)
  2 ogres
  2 wolves
  A phantom (D:6)
  4 centaurs
  A kobold brigand (D:10)
  4 bullfrogs (D:9)
  2 gnoll sergeants
  A wyvern zombie (D:6)
  A wyvern skeleton (D:7)
  A water moccasin skeleton (D:5)
  2 killer bees (D:9)
  5 wights
  4 howler monkeys
  3 centaur zombies
  4 hounds
  2 jellies
  10 orc priests
  An iguana (D:6)
  3 centaur skeletons
  A gnoll shaman (D:6)
  Ijyb (D:5)
  Jessica (D:2)
  Natasha (twice) (D:2)
  7 orc wizards
  2 howler monkey zombies (D:7)
  4 gnolls
  9 adders
  A white imp (D:7)
  An ufetubus (D:7)
  An adder skeleton (D:4)
  2 worms
  2 dart slugs (D:1)
  30 orcs
  2 endoplasms
  A giant cockroach (D:1)
  4 goblins
  7 hobgoblins
  4 jackals (D:4)
  2 quokkas (D:2)
  2 ball pythons
  4 bats
  4 frilled lizards
  9 kobolds
  6 rats
  2 bushes (D:2)
220 creatures vanquished.

Vanquished Creatures (collateral kills)
  A two-headed ogre (D:11)
  An orc sorcerer (D:11)
  2 ugly things (D:11)
  An orc knight (D:11)
  A cyclops (D:12)
  A manticore (D:12)
  An unseen horror (D:10)
  Psyche (D:9)
  A kobold demonologist (D:11)
  A freezing wraith (D:12)
  A slime creature (D:12)
  A wraith (D:13)
  6 yaks
  A fire bat (shapeshifter) (D:9)
  Grum (D:9)
  An acid dragon (D:12)
  3 orc warriors
  A black bear (D:9)
  2 wolves (D:9)
  2 centaurs (D:8)
  A kobold brigand (D:8)
  2 bullfrogs
  3 killer bees (D:9)
  3 howler monkeys
  A centaur zombie (D:8)
  An orc priest (D:12)
  An orc wizard (D:12)
  4 gnolls (D:12)
  A dart slug (D:2)
  22 orcs
  6 kobolds
  A rat (D:2)
76 creatures vanquished.

Vanquished Creatures (others)
  6 battlemagi
  9 fungi (D:9)
  9 plants
24 creatures vanquished.

Grand Total: 320 creatures vanquished

Notes
Turn   | Place    | Note
-------+----------+-------------------------------------------
     0 | D:1      | issech the Troll Monk began the quest for the Orb.
     0 | D:1      | Reached XP level 1. HP: 22/22 MP: 0/0
   148 | D:1      | Reached XP level 2. HP: 28/29 MP: 1/1
   154 | D:1      | Found a faded altar of an unknown god.
   331 | D:1      | Reached skill level 3 in Maces & Flails
  1108 | D:2      | Reached XP level 3. HP: 34/36 MP: 2/2
  1217 | D:2      | Noticed Jessica
  1227 | D:2      | Killed Jessica
  1410 | D:2      | Reached XP level 4. HP: 41/44 MP: 3/3
  1487 | D:2      | Noticed Natasha
  1501 | D:2      | Killed Natasha
  1610 | D:2      | Noticed Natasha
  1616 | D:2      | Killed Natasha
  1617 | D:2      | Reached skill level 4 in Maces & Flails
  1898 | D:3      | Reached XP level 5. HP: 46/53 MP: 4/4
  2014 | D:3      | Noticed Pargi
  2146 | D:3      | Gained mutation: Your system is resistant to poisons.
                  | (rPois) [potion of mutation]
  2146 | D:3      | Gained mutation: You expend magic power (3 MP) to
                  | strengthen your wands. [potion of mutation]
  2146 | D:3      | Gained mutation: You are partially covered in large bone
                  | plates. (SH +4) [potion of mutation]
  2167 | D:3      | Killed Pargi
  2473 | D:4      | Reached XP level 6. HP: 61/61 MP: 5/5
  2800 | D:4      | Found a glowing golden altar of the Shining One.
  3112 | D:5      | Entered Level 5 of the Dungeon
  3161 | D:5      | Reached skill level 5 in Maces & Flails
  3175 | D:5      | Reached XP level 7. HP: 60/67 MP: 6/6
  3360 | D:5      | Reached skill level 6 in Maces & Flails
  3802 | D:5      | Noticed Ijyb
  3802 | D:5      | Paralysed by Ijyb for 5 turns
  3810 | D:5      | Killed Ijyb
  3846 | D:5      | Noticed Grinder
  3883 | D:5      | Noticed Eustachio
  4031 | D:4      | Killed Eustachio
  4032 | D:4      | Reached skill level 1 in Shields
  4032 | D:4      | Reached XP level 8. HP: 42/78 MP: 7/7
  4129 | D:5      | Killed Grinder
  4130 | D:5      | Reached skill level 7 in Maces & Flails
  5806 | D:7      | Reached skill level 5 in Dodging
  5902 | D:7      | Reached skill level 8 in Maces & Flails
  5957 | D:7      | Reached skill level 5 in Fighting
  5957 | D:7      | Reached XP level 9. HP: 77/88 MP: 8/8
  6598 | D:7      | Found a staircase to the Ecumenical Temple.
  6616 | Temple   | Entered the Ecumenical Temple
  6681 | Temple   | Became a worshipper of Hepliaklqana the Forgotten
  6681 | Temple   | Reached * piety under Hepliaklqana
  6681 | Temple   | Reached ** piety under Hepliaklqana
  6682 | Temple   | Remembered your ancestor Nakurtum as a battlemage
  7723 | D:8      | Reached skill level 9 in Maces & Flails
  7731 | D:7      | Reached skill level 1 in Armour
  7881 | D:8      | Found Fikh's Assorted Antiques.
  7930 | D:8      | Reached XP level 10. HP: 85/88 MP: 9/9
  8379 | D:8      | Bought a scroll of identify for 50 gold pieces
  8439 | D:9      | Found a runed translucent door.
  8439 | D:9      | Noticed pkoi's ghost (novice DrMo)
  8479 | D:9      | Noticed Psyche
  8491 | D:9      | Killed Psyche
  8565 | D:9      | Noticed Grum
  8604 | D:9      | Reached skill level 10 in Maces & Flails
  8610 | D:9      | Killed Grum
  8621 | D:9      | You are sucked into a shaft and drop 2 floors!
  8639 | D:10     | Entered Level 10 of the Dungeon
  8639 | D:10     | Reached *** piety under Hepliaklqana
  8694 | D:10     | Found a staircase to the Orcish Mines.
  8790 | D:10     | Noticed a white ugly thing
  8801 | D:10     | Killed a white ugly thing
  8912 | D:9      | Found the +11 plutonium sword {Contam Stlth-}
  8934 | D:9      | Paralysed by a hornet for 1 turns
  8990 | D:9      | Killed pkoi's ghost
  9001 | D:9      | Got the Disquisition on Earth
  9123 | D:9      | Reached skill level 1 in Long Blades
  9212 | D:9      | Found a staircase to the Lair.
  9216 | D:9      | Reached XP level 11. HP: 96/96 MP: 10/10
 10021 | D:10     | Reached **** piety under Hepliaklqana
 10123 | D:11     | Noticed a red ugly thing
 10128 | D:11     | Killed a red ugly thing
 10181 | D:11     | Noticed a two-headed ogre
 10184 | D:11     | Noticed an orc sorcerer
 10187 | D:11     | Killed a two-headed ogre
 10195 | D:11     | Killed an orc sorcerer
 10206 | D:11     | Noticed an orc knight
 10206 | D:11     | Noticed a green ugly thing
 10270 | D:11     | Killed a red ugly thing
 10296 | D:11     | Killed an orc knight
 10541 | D:11     | Reached skill level 5 in Long Blades
 10555 | D:11     | Noticed a soul eater
 10667 | D:11     | Found Vethyez's Book Emporium.
 11074 | D:12     | Reached skill level 5 in Armour
 11232 | D:12     | Noticed a death knight
 11384 | D:12     | Reached XP level 12. HP: 18/106 MP: 2/11
 11517 | D:12     | Noticed a tengu warrior
 11524 | D:12     | Killed a tengu warrior
 11581 | D:12     | Reached skill level 1 in Throwing
 11582 | D:12     | Noticed a two-headed ogre
 11589 | D:12     | Killed a two-headed ogre
 12241 | D:13     | Noticed a two-headed ogre
 12244 | D:13     | Noticed a centaur warrior
 12245 | D:13     | Killed a two-headed ogre
 12249 | D:13     | Killed a centaur warrior
 12465 | D:13     | Found a runed translucent door.
 12495 | D:13     | Noticed Frances
 12632 | D:13     | Noticed Josephine
 12640 | D:13     | Killed Josephine
 12653 | D:13     | Slain by a white ugly thing

Illustrated notes

Levels and vault maps discovered:
D:1:      dpeg_arrival_refuge, layout_loops_ring,
          hellmonk_ecumenical_altar_run_dry, hangedman_decor_push
D:2:      layout_basic, serial_forest, infiniplex_forest_clump_tiny,
          infiniplex_forest_corner_1, infiniplex_forest_straight_1,
          infiniplex_forest_clump_curved, infiniplex_forest_end_1,
          infiniplex_forest_straight_1, infiniplex_forest_end_2,
          kennysheep_jessica_study, uniq_natasha
D:3:      layout_basic, minmay_misc_feat_columns, uniq_pargi
D:4:      layout_basic, mainiacjoe_overflow_alcove_1
D:5:      layout_layer_cave, uniq_grinder, uniq_ijyb, uniq_eustachio
D:6:      layout_basic
D:7:      layout_layer_cave, temple_hall, minivault_26, minmay_bent
D:8:      minmay_chambers_of_sixes, layout_rooms, serial_shops,
          nicolae_stop_n_shop_2
D:9:      layout_rooms, grunt_lair_entry_orc_guard_hut, hellmonk_ghost_big_iron,
          minivault_26, uniq_grum, uniq_psyche
D:10:     layout_irregular_city, david_orc_2
D:11:     layout_loops_ring, serial_shops, nicolae_shop_hallway_plus
D:12:     layout_cave_pods, special_room [special_room_orc], drop_trap
D:13:     layout_loops_ring, lightli_church_of_beogh, uniq_kirke, uniq_frances,
          uniq_josephine
Temple:   regret_index_temple_sigil_plot

Skill      XL: |  1  2  3  4  5  6  7  8  9 10 11 12 |
---------------+-------------------------------------+-----
Maces & Flails | 3 4 5 6 8 9 10 | 10.7
Dodging        | 3 4 5 6 |  6.8
Fighting       | 3 4 5 6 7 |  7.9
Shields        | 1 2 3 4 |  4.1
Armour         | 2 4 5 |  5.7
Stealth        | 2 |  2.6
Long Blades    | 1 6 8 |  8.1
Throwing       | 1 |  1.0

Action                   |  1- 3 |  4- 6 |  7- 9 | 10-12 || total
-------------------------+-------+-------+-------+-------++-------
Melee: Mace              |   207 |   303 |       |       ||   510
       Punch             |     3 |     4 |     2 |       ||     9
       Giant club        |       |       |   169 |       ||   169
       Flail             |       |       |   141 |    94 ||   235
       Triple sword      |       |       |       |   219 ||   219
Throw: Stone             |       |       |     3 |     3 ||     6
       Large rock        |       |       |       |     7 ||     7
Invok: Ancestor Life: Ba |       |       |     1 |       ||     1
       Recall Ancestor   |       |       |       |     1 ||     1
  Use: Scroll            |       |     5 |     4 |     4 ||    13
       Potion            |       |     2 |       |     2 ||     4
 Stab: Sleeping          |     1 |       |     1 |       ||     2
       Distracted        |       |       |       |     5 ||     5
Armor: Robe              |    29 |    82 |    68 |       ||   179
       Quicksilver drago |       |       |    29 |   140 ||   169
Dodge: Dodged            |    71 |   178 |   229 |   323 ||   801
Block: Other             |       |    26 |    81 |    80 ||   187
